 Dungeon Crawl Stone Soup version 0.28-a0-1143-gcf6077d4cc (webtiles) character file.

Game seed: 15301351304532368708

78 spaghetti the Charlatan (level 4, -16/32 HPs)
             Began as a Djinni Artificer on Dec 14, 2021.
             Was a Follower of Ru.
             Killed from afar by Ijyb (32 damage)
             ... with a bolt of acid
             ... on level 3 of the Dungeon.
             The game lasted 00:06:05 (3968 turns).

spaghetti the Charlatan (Djinni Artificer)          Turns: 3968, Time: 00:06:05

Health: -16/32     AC:  3    Str: 19    XL:     4   Next: 61%
Gold:   103        EV: 12    Int: 12    God:    Ru [*.....] SH:  0 Dex: 14

rFire   + + .      SeeInvis .   a - +0 club {mace}
rCold   x . .      Faith    .   (no shield)
rNeg    . . .      Spirit   .   b - +0 leather armour
rPois   ∞          Reflect  .   (no helmet)
rElec   .          Harm     .   (no cloak)
rCorr   .          Rampage  .   (no gloves)
Will    .....                   (boots unavailable)
Stlth   ++........              (no amulet)
HPRegen 0.10/turn               o - +6 ring of strength
MPRegen 0.00/turn               s - ring of wizardry

@: flying, unable to read
A: sickness immunity, fire resistance 2, cold vulnerability 1, inability to read
while threatened, float, innate caster, hp casting, extra vitality 1
a: Renounce Religion


You were on level 3 of the Dungeon.
You worshipped Ru.
Ru was aware of your devotion.
You visited 1 branch of the dungeon, and saw 3 of its levels.

You collected 163 gold pieces.
You spent 60 gold pieces at shops.


Innate Abilities, Weirdness & Mutations

You are immune to sickness and miasma.
You are immune to poison.
Your flesh is very heat resistant. (rF++)
You are vulnerable to cold. (rC-)
You sometimes lose the ability to read scrolls when taking damage.
You float through the air rather than walking.
You learn spells naturally, not from books.
Your magical power is your life essence.
You have superior vitality. (+4 HP)


   Skills:
 - Level 1.0 Fighting
 + Level 2.6 Maces & Flails
 - Level 1.0 Armour
 - Level 2.1 Dodging
 - Level 2.0 Stealth
 - Level 3.0 Evocations


You had 2 spell levels left.
You knew the following spells:

 Your Spells              Type           Power      Damage    Failure   Level
a - Freeze                Ice            0%         1d3       16%         1
Your spell library was empty.

Inventory:

Hand Weapons
 a - a +0 club (weapon) {mace}
 i - a +0 short sword of holy wrath {short}
   (You found it on level 1 of the Dungeon)
 k - a +0 dagger of holy wrath {short}
   (You took it off a goblin on level 1 of the Dungeon)
 l - a +1 dagger of flaming {short}
   (You took it off a goblin on level 1 of the Dungeon)
Missiles
 f - 32 bolts
 r - 48 stones {throwing}
Armour
 b - a +0 leather armour (worn)
Jewellery
 o - a +6 ring of strength (left hand)
   (You took it off a kobold on level 2 of the Dungeon)
 s - a ring of wizardry (right hand)
   (You found it on level 2 of the Dungeon)
Wands
 d - a wand of charming (15)
Scrolls
 h - a scroll of fear {unknown}
 j - 3 scrolls of identify {unknown}
 m - a scroll of magic mapping {unknown}
 n - a scroll of immolation {unknown}
 q - a scroll of blinking {unknown}
 t - a scroll of vulnerability {unknown}
Potions
 g - 3 potions of heal wounds {@q2}
 p - 2 potions of lignification {unknown}
 u - 2 potions of flight {unknown}
 v - a potion of curing {unknown}
 w - 2 potions of degeneration {unknown}
Miscellaneous
 e - a piece from Xom's chessboard (13/15)

Dungeon Overview and Level Annotations

Branches:
Dungeon (3/15)

Altars:
Qazlal
Ru

Shops:
D:2 *

Annotations:
D:3 Ijyb

#..........##.#
#.....#.##.#.##.#
#.......##.#.##.#
........####......#
#####.### ###.####
#. #.# #. #.# #'
#.# #@# #g# #..
#... ..... #...#.
##.##.# ## #


You could see Ijyb (corona).


Message History

You hit the orc.
You kill the orc!
The bat hits you. 😕 HP[-1]
You take 1 damage, and now have 30/32 hp.
The bat is stunned by your conviction and fails to attack.
Things that are here:
a +0 club {mace}; an inky potion; an orc corpse You closely miss the bat.
The bat hits you but does no damage. The bat hits you.
The bat hits you but does no damage. The bat hits you. 😕 HP[-1]
You take 1 damage, and now have 29/32 hp.
You hit the bat but do no damage. The bat hits you. 😕 HP[-1]
You take 1 damage, and now have 28/32 hp.
No target in view!
No target in view!
No target in view!
You start resting.
The bat barely misses you.
A bat is nearby!
A bat is nearby!
You barely miss the bat. The bat closely misses you.
The bat hits you but does no damage. The bat barely misses you.
You closely miss the bat. The bat hits you but does no damage.
The bat hits you but does no damage. The bat barely misses you.
The bat hits you but does no damage.
You hit the bat.
You kill the bat! 😕 HP[+1] No target in view!
No target in view!
No target in view!
No target in view!
No target in view!
No target in view!
No target in view!
No target in view!
No target in view!
No target in view!
No target in view!
No target in view!
No target in view!
No target in view!
No target in view!
No target in view!
No target in view!
Okay, then.
You start resting. 😎 HP[+3]
Your hp is fully restored (32).
Unknown command.
w - 2 inky potions (gained 1)
Things that are here:
a +0 club {mace}; an orc corpse
There is an escape hatch in the floor here.
Things that are here:
a +0 club {mace}; an orc corpse
f - 32 bolts (gained 14) Ijyb the Twisted Goblin comes into view.
She is wielding a +1 dagger of venom and carrying a wand of acid (9).
Aiming: Throw Flame
Press: ? - help, Q - select action, (/) - cycle Shift-Dir - straight line, f - Ijyb
Aim: Ijyb, wielding a +1 dagger of venom, wearing a +0 leather armour and carrying a wand of acid (9) (asleep, 100% to hit)
The puff of flame hits Ijyb but does no damage.
Ijyb shouts!
Ijyb screams, "No!
No, no, no, no!"
You start waiting.
Ijyb is nearby!
Aiming: Throw Flame
Press: ? - help, Q - select action, (/) - cycle Shift-Dir - straight line, f/p - Ijyb
Aim: Ijyb, wielding a +1 dagger of venom, wearing a +0 leather armour and carrying a wand of acid (9) (64% to hit)
The puff of flame hits Ijyb.
Ijyb zaps a wand.
The bolt of acid hits you!
Ouch! That really hurt!
* * * LOW HITPOINT WARNING * * *
😨 HP[-16]
You take 16 damage, and now have 16/32 hp.
MASSIVE DAMAGE!! (PAUSE)
Aiming: Throw Flame
Press: ? - help, Q - select action, (/) - cycle Shift-Dir - straight line, f/p - Ijyb
Aim: Ijyb, wielding a +1 dagger of venom, wearing a +0 leather armour and carrying a wand of acid (8) (lightly wounded, 64% to hit)
The puff of flame hits Ijyb.
Aiming: Throw Flame
Press: ? - help, Q - select action, (/) - cycle Shift-Dir - straight line, f/p - Ijyb
Aim: Ijyb, wielding a +1 dagger of venom, wearing a +0 leather armour and carrying a wand of acid (8) (moderately wounded, 64% to hit)
The puff of flame hits Ijyb.
The now-empty wand crumbles to dust.
You make a move on Xom's chessboard...
Ijyb is outlined in light.
You make a move on Xom's chessboard...
Ijyb resists with significant effort.
Ijyb hits you with a +1 dagger of venom.
* * * LOW HITPOINT WARNING * * *
😨 HP[-1]
You take 1 damage, and now have 15/32 hp.
Unknown command.
You hit Ijyb.
Ijyb zaps a wand.
The bolt of acid hits you!!
You feel threatened and lose the ability to read scrolls!
Ouch! That really hurt!
You die...

Skill      XL: |  1  2  3  4 |
---------------+-------------+-----
Maces & Flails | 1 2 |  2.6
Stealth        | 1 2 |  2.0
Fighting       | |  1.0
Armour         | |  1.0
Dodging        | |  2.1
Evocations     | |  3.0

Action                   |  1- 3 |  4- 6 || total
-------------------------+-------+-------++-------
Melee: Club              |   153 |    61 ||   214
Invok: Sacrifice Words   |     1 |       ||     1
Evoke: Wand              |    10 |     5 ||    15
       Piece from Xom's  |       |     2 ||     2
 Stab: Sleeping          |     1 |     1 ||     2
Armor: Leather armour    |    50 |    16 ||    66
Dodge: Dodged            |   109 |    32 ||   141

Levels and vault maps discovered:
D:1:      lightli_arrival_quake, layout_basic,
          hellmonk_ecumenical_altar_slurped_away, minmay_misc_feat_doors,
          minivault_24
D:2:      layout_basic, serial_shops, nicolae_shop_advertising_works
          [nicolae_subvault_shop_adworks], basic_altar
D:3:      layout_loops_corners, serial_shops, shop, uniq_ijyb

Notes
Turn   | Place    | Note
-------+----------+-------------------------------------------
     0 | D:1      | spaghetti the Djinni Artificer began the quest for the Orb.
     0 | D:1      | Reached XP level 1. HP: 17/17 MP: 0/0
     0 | D:1      | magus.rc [v1.9.6]
   486 | D:1      | Reached skill level 1 in Maces & Flails
   630 | D:1      | Reached XP level 2. HP: 22/22 MP: 0/0
  1363 | D:1      | Found a faded altar of an unknown god.
  1470 | D:1      | Reached XP level 3. HP: 26/27 MP: 0/0
  1470 | D:1      | Learned a level 1 spell: Freeze
  1473 | D:1      | Prayed at the altar of an unknown god.
  1473 | D:1      | Became a worshipper of Ru the Awakened
  1484 | D:1      | Gained mutation: You sometimes lose the ability to read
                  | scrolls when taking damage. [Ru sacrifice]
  1484 | D:1      | Reached * piety under Ru
  1501 | D:1      | Reached skill level 2 in Maces & Flails
  1993 | D:1      | Reached skill level 1 in Stealth
  2407 | D:2      | Reached XP level 4. HP: 9/32 MP: 0/0
  2698 | D:2      | Found Muovibi's General Store.
  2705 | D:2      | Bought a potion of heal wounds for 60 gold pieces
  2814 | D:2      | Reached skill level 2 in Stealth
  3183 | D:2      | Found a stormy altar of Qazlal.
  3960 | D:3      | Noticed Ijyb
  3968 | D:3      | Killed from afar by Ijyb

Vanquished Creatures
  2 adders (D:2)
  A dart slug (D:3)
  2 orcs (D:3)
  5 endoplasms
  2 giant cockroaches (D:1)
  6 goblins
  7 hobgoblins
  2 jackals (D:1)
  3 kobolds
  2 quokkas
  7 ball pythons
  5 bats
  3 frilled lizards
  3 rats (D:2)
50 creatures vanquished.

Table legend:
 A = Non-vault XP
 B = Vault XP
 C = Vault XP percentage of total XP
 D = Non-vault monster count
 E = Vault monster count
 F = Vault count percentage of total count
                 A         B        C        D         E       F
            +---------+---------+-------+---------+---------+-------
      Total |     110 |       2 |   1.8 |      49 |       1 |   2.0
            +---------+---------+-------+---------+---------+-------
        D:1 |      43 |       2 |   4.4 |      25 |       1 |   3.8
        D:2 |      55 |       0 |   0.0 |      20 |       0 |   0.0
        D:3 |      12 |       0 |   0.0 |       4 |       0 |   0.0
            +---------+---------+-------+---------+---------+-------

Illustrated notes

Table legend:
 A = Kills in this place as a percentage of kills in entire the game.
 B = Kills by you in this place as a percentage of kills by you in the entire game.
 C = Kills by friends in this place as a percentage of kills by friends in the entire game.
 D = Other kills in this place as a percentage of other kills in the entire game.
 E = Experience gained in this place as a percentage of experience gained in the entire game.
 F = Experience gained in this place divided by the number of levels of this place that you have seen.
                   A       B       C       D       E      F
               +-------+-------+-------+-------+-------+----------------------
         Total | 100.0 | 100.0 |   N/A |   N/A | 100.0 |  37.3
       Dungeon | 100.0 | 100.0 |   N/A |   N/A | 100.0 |  37.3
               +-------+-------+-------+-------+-------+----------------------

Table legend: (Time is in decaauts)
 A = Elapsed time spent in this place.
 B = Non-inter-level travel time spent in this place.
 C = Inter-level travel time spent in this place.
 D = Time resting spent in this place.
 E = Time spent auto-exploring this place.
 F = Levels seen in this place.
 G = Mean time per level.
                   A        B        C        D        E       F      G
               +--------+--------+--------+--------+--------+-----+--------+
         Total |   4011 |   3960 |     51 |   1935 |   1493 |   3 | 1337.0 |
       Dungeon |   4011 |   3960 |     51 |   1935 |   1493 |   3 | 1337.0 |
               +--------+--------+--------+--------+--------+-----+--------+

Top non-repeatable levels by time:
     D:1: 2204 daAuts
     D:2: 1423 daAuts
     D:3: 384 daAuts
